 Dungeon Crawl Stone Soup version 0.32-a0-871-ge202e49faa (webtiles) character file.

Game seed: 5124363112091564178

13029 pokeman the Eclecticist (level 11, -3/61 HPs)
             Began as a Deep Elf Hedge Wizard on Mar 29, 2024.
             Was an Elder of Vehumet.
             Slain by a minotaur
             ... wielding a +0 long sword
              (20 damage)
             ... in a Gauntlet.
             The game lasted 00:33:43 (12030 turns).

pokeman the Eclecticist (Deep Elf Hedge Wizard)    Turns: 12030, Time: 00:33:43

Health: -3/61      AC:  9    Str:  7    XL:     11   Next: 70%
Magic:  26/42      EV: 17    Int: 24    God:    Vehumet [****..]
Gold:   431        SH:  0    Dex: 14    Spells: 26/43 levels left

rFire   + . .        N - +2 short sword (venom)
rCold   + + .        (no shield)
rNeg    + . .        K - +2 robe {rC+}
rPois   .            f - +2 hat "Boextolus" {^Drain rF+ rC+ rN+}
rElec   .            u - +0 cloak
rCorr   .            (no gloves)
SInv    .            e - +1 pair of boots {rampage}
Will    +....        P - amulet of magic regeneration
Stlth   ++           g - +5 ring of evasion
HPRegen 0.30/turn    r - ring of magical power
MPRegen 0.68/turn

%: no teleportation, rampage
@: no status effects
A: no striking features
a: Renounce Religion


You were in a Gauntlet.
You worshipped Vehumet.
Vehumet was greatly pleased with you.
You visited 2 branches of the dungeon, and saw 12 of its levels.
You also visited: Gauntlet.

You collected 710 gold pieces.
You spent 279 gold pieces at shops.

Inventory:

Hand Weapons
 E - a +2 war axe of electrocution
 N - a +2 short sword of venom (weapon)
Armour
 e - a +1 pair of boots of rampaging (worn)
 f - the +2 hat "Boextolus" (worn) {^Drain rF+ rC+ rN+}
   (You found it in a Gauntlet)

   rF+:       It protects you from fire.
   rC+:       It protects you from cold.
   rN+:       It protects you from negative energy.
   ^Drain:    It drains your maximum health when unequipped.
 u - a +0 cloak (worn)
 K - a +2 robe of cold resistance (worn)
 O - a +1 robe of fire resistance
Magical Staves
 t - a staff of death
Jewellery
 a - a ring of resist corrosion
 c - a ring of fire
 g - a +5 ring of evasion (left hand)
 h - an amulet of reflection
 o - a ring of protection from fire
 r - a ring of magical power (right hand)
 P - an amulet of magic regeneration (around neck)
 Q - a +4 ring of protection
 X - the ring of Estuomeph {Fly rElec Str-4 Int+2 Dex+6}
   (You found it on level 11 of the Dungeon)

   [ring of dexterity]

   Str-4:     It affects your strength (-4).
   Int+2:     It affects your intelligence (+2).
   Dex+6:     It affects your dexterity (+6).
   rElec:     It insulates you from electricity.
   Fly:       It grants you flight.
Wands
 A - a wand of flame (40)
 B - a wand of iceblast (9)
 D - a wand of polymorph (9)
 G - a wand of mindburst (13)
 J - a wand of digging (5)
 U - a wand of paralysis (4)
Scrolls
 i - 3 scrolls of enchant weapon
 k - 2 scrolls of enchant armour
 l - a scroll of torment {unknown}
 m - 8 scrolls of teleportation
 n - 3 scrolls of poison {unknown}
 q - 3 scrolls of fear {unknown}
 s - a scroll of acquirement {unknown}
 v - a scroll of amnesia {unknown}
 w - 2 scrolls of noise {unknown}
 C - 6 scrolls of vulnerability {unknown}
 F - a scroll of blinking {unknown}
 L - 3 scrolls of fog {unknown}
 S - a scroll of brand weapon {unknown}
Potions
 b - 3 potions of heal wounds
 d - a potion of magic
 j - 6 potions of curing
 p - a potion of enlightenment {unknown}
 z - a potion of lignification {unknown}
 I - a potion of invisibility {unknown}
 R - a potion of degeneration {unknown}
 T - a potion of cancellation {unknown}
 V - a potion of haste {unknown}
 W - a potion of attraction {unknown}


   Skills:
 - Level 4.0 Fighting
 - Level 4.1 Armour
 - Level 3.0 Dodging
 - Level 3.0 Stealth
 + Level 2.9 Shields
 * Level 16.6 Spellcasting
 + Level 9.3 Conjurations
 - Level 1.1 Summonings
 - Level 1.0 Necromancy
 - Level 1.1 Translocations
 + Level 7.0 Ice Magic
 - Level 1.1 Air Magic
 - Level 3.0 Earth Magic
 - Level 1.0 Alchemy
 - Level 1.0 Evocations


You had 26 spell levels left.
You knew the following spells:

 Your Spells              Type           Power      Damage    Failure   Level
a - Magic Dart            Conj           100%       1d8       1%          1
b - Mephitic Cloud        Conj/Alch/Air  38%        N/A       1%          3
c - Call Imp              Summ           50%        N/A       2%          2
d - Blink                 Tloc           50%        N/A       2%          2
e - Stone Arrow           Conj/Erth      98%        3d13      1%          3
f - Freezing Cloud        Conj/Ice/Air   23%        6-21      1%          5
g - Freeze                Ice            100%       1d10      1%          1

Your spell library contained the following spells:

 Spells                   Type           Power      Damage    Failure   Level
 Inner Flame              Hex/Fire       20%        N/A       2%          3
 Apportation              Tloc           50%        N/A       1%          1
 Necrotise                Necr           100%       1d9       1%          1
 Sandblast                Erth           68%        2d15      1%          1
 Sting                    Conj/Alch      100%       1d9       1%          1
 Summon Small Mammal      Summ           100%       N/A       1%          1
 Mercury Vapours          Alch/Air       50%        N/A       1%          2
 Searing Ray              Conj           100%       2d8       1%          2
 Volatile Blastmotes      Fire/Tloc      44%        2d13      1%          3
 Brom's Barrelling Bould  Conj/Erth      49%        2d7       1%          4
 Fulminant Prism          Conj/Alch      22%        3d12      1%          4
 Iskenderun's Mystic Bla  Conj/Tloc      45%        2d10      (+2d51%     4
 Slow                     Hex            80%        N/A       2%          1
 Cigotuvi's Dreadful Rot  Necr/Alch/Air  50%        N/A       2%          2
 Lesser Beckoning         Tloc           50%        N/A       2%          2
 Jinxbite                 Hex            40%        N/A       4%          2
 Call Canine Familiar     Summ           25%        N/A       4%          3
 Teleport Other           Tloc           25%        N/A       4%          3
 Vampiric Draining        Necr           25%        2d7       5%          3
 Confusing Touch          Hex            20%        N/A       8%          3
 Tukima's Dance           Hex            20%        N/A       8%          3
 Animate Armour           Summ/Erth      60%        N/A       11%         4
 Maxwell's Portable Pile  Tloc           25%        2d(9-17)  17%         4
 Dimensional Bullseye     Hex/Tloc       11%        N/A       22%         4
 Summon Blazeheart Golem  Fire/Summ      22%        N/A       22%         4
 Borgnjor's Vile Clutch   Necr/Erth      14%        N/A       32%         5
 Alistair's Intoxication  Alch           16%        N/A       43%         5
 Summon Forest            Summ/Tloc      12%        N/A       43%         5
 Eringya's Noxious Bog    Alch           12%        4d6       54%         6
 Lehudib's Crystal Spear  Conj/Erth      24%        10d7      96%         8
 Summon Hydra             Summ           12%        N/A       100%        7


Dungeon Overview and Level Annotations

Branches:
Dungeon (11/15)            Temple (1/1) D:5            Lair (0/5) D:8
    Orc (0/2) D:10        Gauntlet (1/1)

Altars:
Ashenzari
Cheibriados
Dithmenos
Elyvilon
Fedhas
Gozag
Hepliaklqana
Kikubaaqudgha
Makhleb
Nemelex Xobeh
Okawaru
Qazlal
Ru
Sif Muna
Trog
Uskayaw
Vehumet
Wu Jian
Xom
Yredelemnul
Zin
The Shining One
Beogh

Shops:
D:1 !   D:3 *   D:8 !   D:9 ?   D:10 *

Annotations:
D:6 1 runed translucent door, Vadun's ghost, novice TrMo Gauntlet 12 transporters


Message History

The minotaur is severely wounded.
Unknown command.
Casting: Stone Arrow (safe; 1% risk of failure)
Confirm with . or Enter, or press ? or * to list all spells.
Aiming: Stone Arrow (safe; 1% risk of failure)
Press: ? - help, Shift-Dir - straight line, f/p - minotaur
Aim: a minotaur, wielding a +0 long sword, wearing a +0 chain mail and quivering silver javelins (severely wounded, confused, 98% to hit)
The stone arrow hits the minotaur!
The minotaur is almost dead.
Unknown command.
Casting: Stone Arrow (safe; 1% risk of failure)
Confirm with . or Enter, or press ? or * to list all spells.
Aiming: Stone Arrow (safe; 1% risk of failure)
Press: ? - help, Shift-Dir - straight line, f/p - minotaur
Aim: a minotaur, wielding a +0 long sword, wearing a +0 chain mail and quivering silver javelins (almost dead, confused, 98% to hit)
The stone arrow hits the minotaur.
The minotaur is almost dead.
Unknown command.
Casting: Stone Arrow (safe; 1% risk of failure)
Confirm with . or Enter, or press ? or * to list all spells.
Aiming: Stone Arrow (safe; 1% risk of failure)
Press: ? - help, Shift-Dir - straight line, f/p - minotaur
Aim: a minotaur, wielding a +0 long sword, wearing a +0 chain mail and quivering silver javelins (almost dead, confused, 98% to hit)
The stone arrow hits the minotaur but does no damage.
The minotaur is almost dead.
The minotaur seems less confused.
The minotaur hits you with a +0 long sword!!
Ouch! That really hurt!
The minotaur gores you!
* * * LOW HITPOINT WARNING * * *
Unknown command.
Casting: Stone Arrow (safe; 1% risk of failure)
Confirm with . or Enter, or press ? or * to list all spells.
Aiming: Stone Arrow (safe; 1% risk of failure)
Press: ? - help, Shift-Dir - straight line, f/p - minotaur
Aim: a minotaur, wielding a +0 long sword, wearing a +0 chain mail and quivering silver javelins (almost dead, 85% to hit)
The stone arrow hits the minotaur.
The minotaur is almost dead.
The minotaur hits you with a +0 long sword!!
You die...

#.............#
#.###########.#
#.# #.# ### #.#
§ß# ## #.# §..
.# #.## #.##.#
#..# #.H..#
##.# #@#
#.#########.#
#...........#
#############


You could see a minotaur.

Vanquished Creatures
  Gastronok (D:10)
  Snorg (D:10)
  A great orb of eyes (Gauntlet)
  2 two-headed ogres
  Nergalle (D:10)
  An ugly thing (Gauntlet)
  Joseph (D:7)
  An unseen horror (D:8)
  2 trolls (D:10)
  Grinder (D:6)
  3 wraiths
  Sigmund (D:3)
  3 shadows (Gauntlet)
  3 wyverns
  4 small abominations (Gauntlet)
  6 steam dragons
  Edmund (D:5)
  A water moccasin (D:8)
  6 orc warriors
  A black bear (D:7)
  2 ice beasts
  A sky beast (D:7)
  3 ogres
  A centaur (D:9)
  A phantom (D:6)
  3 kobold brigands
  7 bullfrogs
  A gnoll sergeant (D:5)
  4 scorpions
  18 wights
  3 killer bees (D:7)
  A howler monkey (D:10)
  An electric eel (D:8)
  A lava snake (D:9)
  3 hounds
  A jelly (D:8)
  A bombardier beetle (D:4)
  5 orc priests
  A sleepcap (D:4)
  4 iguanas
  11 orc wizards
  8 adders
  3 gnolls (D:5)
  2 shadow imps
  2 white imps
  2 ufetubi (D:6)
  2 dart slugs (D:4)
  A ribbon worm (D:5)
  61 orcs
  4 endoplasms
  6 giant cockroaches
  5 goblins
  9 hobgoblins
  2 jackals (D:3)
  15 kobolds
  6 quokkas
  7 ball pythons
  6 bats
  2 frilled lizards (D:3)
  7 rats
264 creatures vanquished.

Vanquished Creatures (collateral kills)
  A sleepcap (D:4)
1 creature vanquished.

Grand Total: 265 creatures vanquished

Notes
Turn   | Place    | Note
-------+----------+-------------------------------------------
     0 | D:1      | pokeman the Deep Elf Hedge Wizard began the quest for the
                  | Orb.
     0 | D:1      | Reached XP level 1. HP: 10/10 MP: 7/7
   460 | D:1      | Reached XP level 2. HP: 16/16 MP: 4/9
   686 | D:1      | Found Nimouv's Distillery.
  1245 | D:2      | Reached skill level 5 in Spellcasting
  1245 | D:2      | Reached XP level 3. HP: 14/20 MP: 1/11
  1251 | D:2      | Learned a level 3 spell: Mephitic Cloud
  1254 | D:2      | Learned a level 2 spell: Call Imp
  1257 | D:2      | Learned a level 2 spell: Blink
  1261 | D:2      | Learned a level 3 spell: Stone Arrow
  1413 | D:2      | Found a broken altar of Ashenzari.
  2147 | D:3      | Reached skill level 1 in Fighting
  2155 | D:3      | Reached skill level 1 in Armour
  2216 | D:3      | Noticed Sigmund
  2225 | D:3      | Killed Sigmund
  2226 | D:3      | Reached skill level 7 in Spellcasting
  2226 | D:3      | Reached XP level 4. HP: 25/25 MP: 9/15
  2226 | D:3      | Reached XP level 5. HP: 29/29 MP: 10/17
  2322 | D:3      | Found Riuk's General Store.
  2372 | D:3      | Bought a potion of curing for 39 gold pieces
  2599 | D:3      | Found a blossoming altar of Fedhas.
  2728 | D:3      | Found a faded altar of an unknown god.
  2857 | D:4      | Reached skill level 8 in Spellcasting
  2857 | D:4      | Reached XP level 6. HP: 29/34 MP: 19/19
  3215 | D:4      | Reached skill level 1 in Alchemy
  3307 | D:4      | Reached skill level 1 in Air Magic
  3307 | D:4      | Reached skill level 1 in Earth Magic
  3326 | D:4      | Reached XP level 7. HP: 27/38 MP: 21/21
  3335 | D:4      | Noticed a steam dragon
  3348 | D:4      | Reached skill level 1 in Necromancy
  3354 | D:4      | Killed a steam dragon
  3355 | D:4      | Reached skill level 9 in Spellcasting
  3401 | D:4      | Reached skill level 1 in Evocations
  3628 | D:4      | Found a shimmering altar of Xom.
  3894 | D:5      | Entered Level 5 of the Dungeon
  3952 | D:5      | Found a staircase to the Ecumenical Temple.
  3960 | Temple   | Entered the Ecumenical Temple
  4069 | D:5      | Reached skill level 10 in Spellcasting
  4069 | D:5      | Reached XP level 8. HP: 44/44 MP: 24/24
  4172 | D:5      | Found a radiant altar of Vehumet.
  4178 | D:5      | Became a worshipper of Vehumet
  4342 | D:5      | Noticed Edmund
  4355 | D:5      | Killed Edmund
  5156 | D:6      | Reached skill level 11 in Spellcasting
  5158 | D:6      | Reached skill level 5 in Conjurations
  5401 | D:6      | Found a runed translucent door.
  5503 | D:6      | Reached * piety under Vehumet
  5503 | D:6      | Offered knowledge of Freeze by Vehumet.
  5566 | D:6      | Reached XP level 9. HP: 48/48 MP: 25/26
  5673 | D:6      | Found a roughly hewn altar of Beogh.
  5961 | D:6      | Noticed Grinder
  5963 | D:6      | Killed Grinder
  5964 | D:6      | Reached skill level 12 in Spellcasting
  5966 | D:6      | Learned a level 1 spell: Freeze
  6050 | D:6      | Found a runed translucent door.
  6056 | D:6      | Noticed Vadun's ghost (novice TrMo)
  6380 | D:7      | Found a hide-covered altar of Uskayaw.
  6380 | D:7      | Found an ancient bone altar of Kikubaaqudgha.
  6399 | D:7      | Found a shimmering blue altar of Sif Muna.
  6435 | D:7      | Reached skill level 1 in Ice Magic
  6468 | D:7      | Found a basalt altar of Yredelemnul.
  6554 | D:7      | Noticed Joseph
  6567 | D:7      | Killed Joseph
  6855 | D:7      | Reached skill level 13 in Spellcasting
  7330 | D:7      | Found a sacrificial altar of Ru.
  7766 | D:8      | Reached XP level 10. HP: 43/56 MP: 29/29
  7956 | D:8      | Found a glowing golden altar of the Shining One.
  7972 | D:8      | Offered knowledge of Momentum Strike by Vehumet.
  7976 | D:8      | Reached ** piety under Vehumet
  8017 | D:8      | Found a shadowy altar of Dithmenos.
  8073 | D:8      | Found a staircase to the Lair.
  8377 | D:8      | Found a sparkling altar of Nemelex Xobeh.
  8474 | D:8      | Reached skill level 14 in Spellcasting
  8653 | D:8      | Found Wiutu's Distillery.
  8663 | D:8      | Bought a potion of curing for 42 gold pieces
  8663 | D:8      | Bought a potion of heal wounds for 70 gold pieces
  9268 | D:9      | Offered knowledge of Volatile Blastmotes by Vehumet.
  9382 | D:9      | Noticed a two-headed ogre
  9386 | D:9      | Killed a two-headed ogre
  9386 | D:9      | Reached *** piety under Vehumet
  9387 | D:9      | Reached skill level 5 in Ice Magic
  9509 | D:9      | Found Jaimorph's Magic Scroll Emporium.
  9515 | D:9      | Reached skill level 15 in Spellcasting
  9611 | D:9      | Bought a scroll of teleportation for 48 gold pieces
  9611 | D:9      | Bought a scroll of teleportation for 48 gold pieces
  9611 | D:9      | Bought a scroll of identify for 32 gold pieces
 10015 | D:10     | Entered Level 10 of the Dungeon
 10015 | D:10     | Noticed Gastronok
 10209 | D:10     | Found a burning altar of Makhleb.
 10440 | D:10     | Found a broken altar of Ashenzari.
 10530 | D:10     | Found a staircase to the Orcish Mines.
 10638 | D:10     | Noticed Snorg
 10639 | D:10     | Found Viapnor's Mayhem Merchandise.
 10646 | D:10     | Killed Snorg
 10715 | D:10     | Noticed Nergalle
 10727 | D:10     | Killed Nergalle
 10728 | D:10     | Reached XP level 11. HP: 60/61 MP: 28/32
 10829 | D:10     | Killed Gastronok
 10830 | D:10     | Reached skill level 1 in Shields
 10903 | D:10     | Noticed a two-headed ogre
 10908 | D:10     | Killed a two-headed ogre
 10912 | D:10     | Reached skill level 16 in Spellcasting
 10953 | D:10     | Learned a level 5 spell: Freezing Cloud
 11066 | D:10     | Offered knowledge of Inner Flame by Vehumet.
 11377 | D:11     | Identified the ring of Estuomeph {Fly rElec Str-4 Int+2
                  | Dex+6}
 11381 | D:11     | Found a gate leading to a gauntlet.
 11403 | Gauntlet | Entered a Gauntlet
 11403 | Gauntlet | Found a transporter.
 11412 | Gauntlet | Found a transporter.
 11427 | Gauntlet | Found a transporter.
 11429 | Gauntlet | Noticed a quicksilver ooze
 11435 | Gauntlet | Found a transporter.
 11450 | Gauntlet | Found a transporter.
 11469 | Gauntlet | Found a transporter.
 11493 | Gauntlet | Noticed a great orb of eyes
 11497 | Gauntlet | Found a transporter.
 11503 | Gauntlet | Noticed a purple ugly thing
 11504 | Gauntlet | Found a transporter.
 11504 | Gauntlet | Found a transporter.
 11527 | Gauntlet | Found a transporter.
 11529 | Gauntlet | Noticed a dire elephant
 11532 | Gauntlet | Found a transporter.
 11536 | Gauntlet | Found a transporter.
 11556 | Gauntlet | Noticed a death scarab
 11557 | Gauntlet | Found a transporter.
 11558 | Gauntlet | Noticed a death scarab
 11564 | Gauntlet | Found a transporter.
 11566 | Gauntlet | Found a transporter.
 11583 | Gauntlet | Noticed a sixfirhy
 11584 | Gauntlet | Noticed a sixfirhy
 11591 | Gauntlet | Noticed a sixfirhy
 11593 | Gauntlet | Noticed a sixfirhy
 11595 | Gauntlet | Found a transporter.
 11609 | Gauntlet | Found a transporter.
 11642 | Gauntlet | Found a transporter.
 11653 | Gauntlet | Noticed a catoblepas
 11781 | Gauntlet | Reached **** piety under Vehumet
 11822 | Gauntlet | Identified the +2 hat "Boextolus" {^Drain rF+ rC+ rN+}
 11922 | Gauntlet | Killed a great orb of eyes
 11930 | Gauntlet | Killed a purple ugly thing
 12023 | Gauntlet | Noticed a minotaur
 12030 | Gauntlet | Slain by a minotaur

Illustrated notes

Levels and vault maps discovered:
D:1:      lightli_arrival_statue_moat, layout_loops_ring, serial_shops, shop,
          dk_noncrumbling_3
D:2:      layout_loops_ring, basic_altar
D:3:      layout_loops_cross, fedhas_ov_isle_minmay,
          shapermc_ecumenical_altar_mp_ritualfount, serial_shops,
          nicolae_shop_trees, wad_floor_pattern_untrapped, uniq_sigmund
D:4:      layout_loops_ring, mainiacjoe_overflow_concentric_impassable,
          minmay_divided_ellipse
D:5:      layout_loops_ring, vehumet_altar_wand_db, minmay_temple_entry_waves,
          uniq_edmund
D:6:      layout_basic, ebering_ghost_reflecting_pool, lightli_church_of_beogh,
          uniq_grinder
D:7:      layout_loops_corners, lemuel_round_altar,
          nicolae_ru_the_path_less_chosen, lemuel_blue_sif_altar,
          nicolae_overflow_two_pavilions, uniq_joseph
D:8:      layout_gridville, mainiacjoe_overflow_catch_the_wave,
          nemelex_diamond_rough_becter, lair_entry_dummy, serial_shops,
          nicolae_shop_industrial_runoff
D:9:      layout_long_grid, serial_shops, nicolae_inconvenience_store
D:10:     layout_roguey, lemuel_doored_altar, ashenzari_altar_1,
          hiddenorc2_lemuel, minmay_shop_mayhem, uniq_gastronok, uniq_snorg,
          uniq_nergalle
D:11:     minmay_four_partial_circles, layout_loops_corners,
          gauntlet_entry_generic
Temple:   hellmonk_temple_rainy
Gauntlet: gammafunk_gauntlet_one_two_three
          [gammafunk_gauntlet_arena_arrow_garden, gammafunk_gauntlet_arena_grid,
          nicolae_gauntlet_arena_t_cross, gammafunk_gauntlet_arena_spirals,
          gammafunk_gauntlet_arena_crates, gammafunk_gauntlet_arena_hedges,
          gammafunk_gauntlet_arena_corners, nicolae_gauntlet_arena_quarters,
          gammafunk_gauntlet_arena_split_diamond,
          dreamdust_gauntlet_exit_labyrinth]

Skill      XL: |  1  2  3  4  5  6  7  8  9 10 11 |
---------------+----------------------------------+-----
Spellcasting   | 5 7 8 10 11 13 15 16 | 16.6
Fighting       | 1 2 3 4 |  4.0
Armour         | 1 2 3 4 |  4.1
Conjurations   | 2 4 5 7 8 9 |  9.3
Dodging        | 3 |  3.0
Stealth        | 3 |  3.0
Alchemy        | 1 |  1.0
Air Magic      | 1 |  1.1
Earth Magic    | 1 2 3 |  3.0
Necromancy     | 1 |  1.0
Evocations     | 1 |  1.0
Ice Magic      | 3 5 7 |  7.0
Shields        | 2 |  2.9
Summonings     | |  1.1
Translocations | |  1.1

Action                     |  1- 3 |  4- 6 |  7- 9 | 10-12 || total
---------------------------+-------+-------+-------+-------++-------
  Melee: Spear             |    12 |    69 |   131 |    23 ||   235
         Short sword       |       |       |       |    53 ||    53
   Cast: Magic Dart        |    80 |    29 |    56 |    42 ||   207
         Mephitic Cloud    |     1 |     8 |    16 |    13 ||    38
         Call Imp          |       |     3 |       |       ||     3
         Stone Arrow       |       |       |    77 |   155 ||   232
         Blink             |       |       |       |     1 ||     1
  Evoke: Wand              |       |       |       |     6 ||     6
    Use: Scroll            |       |       |       |     5 ||     5
   Stab: Sleeping          |     2 |     2 |       |       ||     4
         Confused          |     1 |     5 |    10 |     1 ||    17
 Armour: Robe              |    10 |    27 |    42 |    59 ||   138
  Dodge: Dodged            |    24 |    45 |    74 |    71 ||   214

Table legend: (Time is in decaauts)
 A = Elapsed time spent in this place.
 B = Non-inter-level travel time spent in this place.
 C = Inter-level travel time spent in this place.
 D = Time resting spent in this place.
 E = Time spent auto-exploring this place.
 F = Levels seen in this place.
 G = Mean time per level.
                   A        B        C        D        E       F      G
               +--------+--------+--------+--------+--------+-----+--------+
         Total |  12135 |  11595 |    540 |    370 |   9151 |  13 |  933.5 |
       Dungeon |  11506 |  10966 |    540 |    368 |   9020 |  11 | 1046.0 |
        Temple |      1 |      1 |      0 |      0 |      0 |   1 |    1.0 |
      Gauntlet |    626 |    626 |      0 |      2 |    131 |   1 |  626.0 |
               +--------+--------+--------+--------+--------+-----+--------+

Top non-repeatable levels by time:
     D:9: 1505 daAuts
     D:6: 1448 daAuts
     D:7: 1376 daAuts
     D:8: 1210 daAuts
     D:1: 1194 daAuts
     D:4: 1111 daAuts
    D:10: 1032 daAuts
     D:5: 966 daAuts
     D:2: 868 daAuts
     D:3: 732 daAuts
Gauntlet: 626 daAuts
    D:11: 60 daAuts
  Temple: 1 daAuts
